 Dungeon Crawl Stone Soup version 0.17.2-1-ge4368a0 (webtiles) character file.

898 rlgrobin the Insei (level 7, -3/56 HPs)
             Began as a Mummy Monk on May 1, 2017.
             Slain by a giant frog (4 damage)
             ... on level 6 of the Dungeon.
             The game lasted 00:08:50 (9655 turns).

rlgrobin the Insei (Mummy Monk)                     Turns: 9655, Time: 00:08:50

Health: -3/56      AC:  1    Str: 14    XL:     7   Next: 79%
Magic:  7/7        EV: 15    Int:  9    God:
Gold:   267        SH:  0    Dex: 17    Spells: 0 memorised, 6 levels left

rFire  x . .     SeeInvis .       - Unarmed
rCold  + . .     Clarity  .     (no armour)
rNeg   + + +     SustAt   .     (no shield)
rPois  ∞         Gourm    .     (no helmet)
rElec  .         Spirit   .     i - +0 cloak
rCorr  .         Warding  .     (no gloves)
rMut   .         Stasis   .     (no boots)
MR     .....                    (no amulet)
Stlth  ++........               (no ring)
                                (no ring)

@: not resistant to hostile enchantments, unstealthy
A: no food or potions, fire vulnerability, cold resistance 1, negative energy
resistance 3, torment resistance, unbreathing
a: no special abilities


You were on level 6 of the Dungeon.
You were not hungry.

You visited 2 branches of the dungeon, and saw 7 of its levels.

You collected 267 gold pieces.


Innate Abilities, Weirdness & Mutations

You do not eat or drink.
Your flesh is vulnerable to fire.
You are immune to poison.
Your flesh is cold resistant.
You are immune to negative energy.
You are immune to unholy pain and torment.
You can survive without breathing.


   Skills:
 + Level 5.6 Fighting
 - Level 4.4 Dodging
 - Level 1.5 Stealth
 - Level 6.0 Unarmed Combat


You had 6 spell levels left.
You didn't know any spells.

Inventory:

Armour
 i - a +0 cloak (worn)
Jewellery
 l - a cursed amulet of inaccuracy {unknown}
Scrolls
 a - a scroll of magic mapping {unknown}
 b - a scroll of noise {unknown}
 c - 5 scrolls of identify {unknown}
 d - 4 scrolls of remove curse {unknown}
 e - 4 scrolls of amnesia {unknown}
 f - 2 scrolls of immolation {unknown}
 g - 2 scrolls of enchant weapon {unknown}
 h - 2 scrolls of enchant armour {unknown}
 j - 3 scrolls of fog {unknown}
 k - a scroll of teleportation {unknown}
 m - 3 scrolls of blinking {unknown}

Dungeon Overview and Level Annotations

Branches:
Dungeon (6/15)             Temple (1/1) D:5

Altars:
Ashenzari
Cheibriados
Dithmenos
Elyvilon
Fedhas
Gozag
Kikubaaqudgha
Makhleb
Okawaru
Qazlal
Ru
Sif Muna
Trog
Vehumet
Xom
Zin
The Shining One

Annotations:
D:3 exclusion: downstairs
D:4 exclusion: orc warrior

.. . ▒. ▒▒▒▒
▒..▒▒▒.. ▒.▒...▒
▒▒▒.....▒
▒▒.......▒▒▒▒▒▒...
▒......<..MF......
........▒▒▒▒▒▒....
........▒ .
.......▒▒ ▒.▒▒▒▒▒
▒


You could see a giant frog.


Message History

The giant frog hits you! * * * don't die
* * * You take 4 damage, and have 9/56 hp!
You closely miss the giant frog!
The giant frog is heavily wounded!
The giant frog hits you! * * * don't die
* * * The giant frog completely misses you!
You take 2 damage, and have 7/56 hp!
You pulverise the giant frog but do no damage!
The giant frog is heavily wounded!
The giant frog hits you! * * * don't die
* * * You take 5 damage, and have 2/56 hp!
You pulverise the giant frog!!!
The giant frog is almost dead!
The giant frog hits you! * * * don't die
* * * The giant frog completely misses you!
You take 1 damage, and have 1/56 hp!
You pummel the giant frog but do no damage!
The giant frog is almost dead!
The giant frog barely misses you!
You closely miss the giant frog!
The giant frog is almost dead!
The giant frog closely misses you!
You barely miss the giant frog!
The giant frog is almost dead!
The giant frog hits you! rip

Action                   |  1- 3 |  4- 6 |  7- 9 || total
-------------------------+-------+-------+-------++-------
Melee: Unarmed           |   135 |   353 |   114 ||   602
 Stab: Sleeping          |     9 |       |     1 ||    10
       Distracted        |       |     1 |       ||     1

Vault maps used:
D:1:      dpeg_arrival_solitude
D:2:      minmay_misc_feat_pillars, hangedman_ru_absence
D:4:      first_bread
D:5:      nicolae_dithmenos_the_darkroom, minmay_temple_entry_enclosed_plants,
          minmay_door_square, glass_columns_b
D:6:      uniq_sigmund
Temple:   nicolae_temple_the_god_donut

Notes
Turn   | Place    | Note
--------------------------------------------------------------
     0 | D:1      | rlgrobin the Mummy Monk began the quest for the Orb.
     0 | D:1      | Reached XP level 1. HP: 18/18 MP: 1/1
   814 | D:1      | Reached XP level 2. HP: 22/24 MP: 2/2
  1273 | D:2      | Reached skill level 4 in Unarmed Combat
  1573 | D:2      | Reached XP level 3. HP: 25/29 MP: 3/3
  2125 | D:2      | Found a sacrificial altar of Ru.
  2433 | D:2      | Reached XP level 4. HP: 22/35 MP: 4/4
  3061 | D:3      | Reached skill level 5 in Unarmed Combat
  3952 | D:3      | Reached XP level 5. HP: 5/41 MP: 5/5
  4627 | D:3      | Reached skill level 4 in Fighting
  5785 | D:4      | Reached skill level 5 in Fighting
  5785 | D:4      | Reached XP level 6. HP: 12/51 MP: 6/6
  6156 | D:4      | Noticed an orc warrior
  6295 | D:5      | Entered Level 5 of the Dungeon
  6571 | D:5      | Reached skill level 3 in Dodging
  7291 | D:5      | Found a staircase to the Ecumenical Temple.
  7317 | Temple   | Entered the Ecumenical Temple
  7594 | D:5      | Reached skill level 4 in Dodging
  7659 | D:5      | Found a shadowy altar of Dithmenos.
  7766 | D:5      | Reached XP level 7. HP: 47/56 MP: 7/7
  8991 | D:5      | HP: 3/56 [centaur/shortbow (9)]
  9421 | D:5      | Reached skill level 6 in Unarmed Combat
  9651 | D:6      | HP: 2/56 [giant frog (6)]
  9655 | D:6      | Slain by a giant frog

Vanquished Creatures
  An ice beast (D:5)
  2 centaurs
  2 hounds (D:4)
  3 crimson imps (D:5)
  A giant frog zombie (D:5)
  2 orc wizards (D:5)
  2 jellies (D:5)
  2 orc priests
  2 worker ants
  14 adders
  2 adder skeletons
  4 giant geckos (D:2)
  14 orcs
  2 ball pythons
  4 giant cockroaches
  8 goblins
  13 hobgoblins
  5 jackals
  11 kobolds
  A quokka (D:4)
  6 bats
  A giant gecko skeleton (D:4)
  3 giant newts
  3 rats
108 creatures vanquished.
